 Dungeon Crawl Stone Soup version 0.31.0-11-ge490571c62 (webtiles) character file.

Game seed: 3197887478266502727

895 CougarLife the Cleaver (level 7, 0/66 HPs)
             Began as a Minotaur Berserker on Jan 31, 2024.
             Was a Priest of Trog.
             Slain by an orc warrior
             ... wielding a +0 mace
              (7 damage)
             ... on level 6 of the Dungeon.
             The game lasted 00:06:01 (3718 turns).

CougarLife the Cleaver (Minotaur Berserker)         Turns: 3718, Time: 00:06:02

Health: 0/66       AC:  6    Str: 23    XL:     7   Next: 78%
Magic:  6/6        EV: 10    Int:  4    God:    Trog [***...]
Gold:   220        SH:  0    Dex: 10    Spells: 6/6 levels left

rFire   . . .        a - +0 hand axe
rCold   . . .        (no shield)
rNeg    . . .        i - +0 scale mail
rPois   .            (helmet restricted)
rElec   .            (no cloak)
rCorr   .            (no gloves)
SInv    .            (no boots)
Will    ++...        (no amulet) Stlth
                     (no ring)
HPRegen 1.31/turn    (no ring)
MPRegen 0.10/turn

%: no passive effects
@: strong-willed, on berserk cooldown, regenerating, slowed, very slow
A: horns 2, retaliatory headbutt
a: Renounce Religion, Berserk, Trog's Hand


You were on level 6 of the Dungeon.
You worshipped Trog.
Trog was most pleased with you.
You visited 1 branch of the dungeon, and saw 4 of its levels.
You also visited: Sewer.

You collected 220 gold pieces.

Inventory:

Hand Weapons
 a - a +0 hand axe (weapon)
Missiles
 b - 12 poisoned darts (quivered)
Armour
 i - a +0 scale mail (worn)
Scrolls
 d - 3 scrolls of torment {unknown}
 e - 2 scrolls of enchant weapon {unknown}
 f - 3 scrolls of identify {unknown}
 h - 2 scrolls of fear {unknown}
 j - a scroll of vulnerability {unknown}
 k - a scroll of poison {unknown}
 l - 2 scrolls of teleportation {unknown}
 n - a scroll of butterflies {unknown}
Potions
 c - 3 potions of curing {unknown}
 g - a potion of degeneration {unknown}
 m - a potion of attraction {unknown}


   Skills:
 + Level 7.1 Fighting
 * Level 9.4 Axes
 - Level 2.4 Armour
 - Level 2.1 Dodging


You had 6 spell levels left.
You didn't know any spells.
Your spell library was empty.

Dungeon Overview and Level Annotations

Branches:
Dungeon (3/15)              Sewer (visited)

Altars:

Shops:
D:6 [

Annotations:
D:6 Sigmund


Innate Abilities, Weirdness & Mutations

You have a pair of horns on your head.
You reflexively headbutt those who attack you in melee.


Message History

You feel your anger nearly subside.
You are no longer berserk.
You are exhausted.
You feel yourself slow down.
The orc wizard hits you with a +0 dagger.
You bump into the stone wall.
The orc wizard casts a spell at you.
You are more confused.
The orc wizard hits you but does no damage.
You hit the orc wizard. Your headbutt misses the orc wizard.
The orc wizard is moderately wounded.
You bump into the rock wall.
You bump into the rock wall.
The white imp shouts, "Run away, thou currish guts-griping canker-blossom!"
The orc warrior hits you with a +0 mace!
The orc wizard gestures wildly while chanting.
The orc wizard flickers and vanishes!
The orc warrior barely misses you.
The orc wizard gestures wildly while chanting.
The orc wizard flickers and vanishes!
You feel less confused.
The orc warrior attacks as it pursues you!
The orc warrior hits you with a +0 mace.
The orc warrior hits you with a +0 mace!
An orc wizard comes into view.
It is wielding a +0 dagger and wearing a +2 robe of positive energy.
The orc warrior attacks as it pursues you!
The orc warrior hits you with a +0 mace!
The orc warrior closely misses you. Something hits you.
* * * LOW HITPOINT WARNING * * *
Your skin crawls.
You feel strong-willed.
Sigmund appears from thin air!
Reactivating autopickup.
The orc warrior hits you with a +0 mace!
* * * LOW HITPOINT WARNING * * *
Sigmund hits you from afar with a +0 scythe.
* * * LOW HITPOINT WARNING * * *
The orc warrior attacks as it pursues you!
The orc warrior hits you with a +0 mace.
* * * LOW HITPOINT WARNING * * *
The orc warrior hits you with a +0 mace!
You die...

..........##.+ .###
..........##.#
...####
..........'..#
.......
..........####
....... ..........#
#######.......
..........#
#.@...o.......
..........#
#.####........
..........# #o#
##o######
..........# #@# .#
########### #.# .o
######## #.# ..5
.......# #.# .###
#......####### #.#
.#
#......#.....###'###
#......#^..........#
##...###...........#
####.###....[......#


You could see an orc warrior and Sigmund.

Vanquished Creatures
  An ice beast (D:6)
  Pargi (Sewer)
  3 black bears (D:6)
  A brain worm (Sewer)
  A scorpion (D:6)
  A hound (D:6)
  A jelly (Sewer)
  3 iguanas
  Terence (D:2)
  An orc wizard (D:6)
  Robin (D:2)
  4 ufetubi (D:6)
  2 dart slugs
  3 orcs
  6 ball pythons
  6 endoplasms
  4 giant cockroaches
  6 hobgoblins
  2 jackals (D:1)
  A quokka (D:2)
  3 bats
  5 frilled lizards
  18 goblins
  8 kobolds
  8 rats
91 creatures vanquished.

Notes
Turn   | Place    | Note
-------+----------+-------------------------------------------
     0 | D:1      | CougarLife the Minotaur Berserker began the quest for the
                  | Orb.
     0 | D:1      | Reached XP level 1. HP: 19/19 MP: 0/0
   130 | D:1      | Reached skill level 4 in Axes
   236 | D:1      | Reached XP level 2. HP: 23/27 MP: 1/1
  1213 | D:2      | Noticed Terence
  1220 | D:2      | Reached ** piety under Trog
  1227 | D:2      | Killed Terence
  1228 | D:2      | Reached skill level 5 in Axes
  1228 | D:2      | Reached XP level 3. HP: 21/34 MP: 2/2
  1423 | D:2      | Found a faded altar of an unknown god.
  1427 | D:2      | Noticed Robin
  1434 | D:2      | Reached XP level 4. HP: 41/41 MP: 3/3
  1439 | D:2      | Killed Robin
  2045 | D:3      | Found a glowing drain.
  2049 | Sewer    | Entered a sewer
  2248 | Sewer    | Reached skill level 6 in Axes
  2415 | Sewer    | Noticed a brain worm
  2421 | Sewer    | Killed a brain worm
  2422 | Sewer    | Reached skill level 5 in Fighting
  2422 | Sewer    | Reached XP level 5. HP: 48/48 MP: 1/4
  2472 | Sewer    | Noticed Pargi
  2480 | Sewer    | Killed Pargi
  2481 | Sewer    | Reached skill level 7 in Axes
  2481 | Sewer    | Reached XP level 6. HP: 56/56 MP: 5/5
  2989 | D:3      | You fall into a shaft and drop 3 floors!
  3050 | D:6      | Reached *** piety under Trog
  3129 | D:6      | Noticed an ice beast
  3145 | D:6      | Killed an ice beast
  3146 | D:6      | Reached skill level 8 in Axes
  3146 | D:6      | Reached XP level 7. HP: 64/64 MP: 6/6
  3219 | D:6      | Found Ynteud Nuve's Armour Emporium.
  3648 | D:6      | Reached skill level 9 in Axes
  3697 | D:6      | Noticed Sigmund
  3718 | D:6      | Slain by an orc warrior

Illustrated notes

Levels and vault maps discovered:
D:1:      dpeg_arrival_water_fire, layout_basic,
          corexii_item_surrounded_by_moat, chequers_serial_rivers_small_a,
          minmay_pentomino_r4
D:2:      layout_basic, ebering_ecumenical_altar_rust, uniq_robin, uniq_terence
D:3:      layout_loops_cross, gup_sewer_entry_bowl
D:6:      layout_basic, bloody_makhleb, nicolae_overflow_squiral,
          trog_hazing_becter, serial_library_hellmonk_double_dead_end,
          nicolae_take_the_stairs, kennysheep_generic_room_8, uniq_sigmund

Skill      XL: |  1  2  3  4  5  6  7 |
---------------+----------------------+-----
Axes           | 4 5 6 7 8 9 |  9.4
Fighting       | 4 5 6 7 |  7.1
Armour         | |  2.4
Dodging        | |  2.1

Action                     |  1- 3 |  4- 6 |  7- 9 || total
---------------------------+-------+-------+-------++-------
  Melee: Hand axe          |    62 |    87 |    36 ||   185
         Headbutt          |     7 |    19 |     4 ||    30
         Punch             |       |     1 |       ||     1
  Throw: Dart              |       |     6 |       ||     6
 Invoke: Berserk           |     2 |     2 |     1 ||     5
         Trog's Hand       |       |       |     1 ||     1
 Armour: Animal skin       |    31 |     8 |       ||    39
         Scale mail        |       |    51 |    52 ||   103
  Dodge: Dodged            |    51 |    44 |    18 ||   113
